 Dungeon Crawl Stone Soup version 0.27.1-33-g824d729ab1 (webtiles) character file.

Game seed: 12044862540818302247

146 spaced the Chucker (level 5, -1/49 HPs)
             Began as a Troll Hunter on Nov 30, 2021.
             Slain by a gnoll (6 damage)
             ... on level 3 of the Dungeon.
             The game lasted 00:09:13 (1599 turns).

spaced the Chucker (Troll Hunter)                   Turns: 1599, Time: 00:09:14

Health: -1/49      AC:  4    Str: 21    XL:     5   Next: 7%
Magic:  4/4        EV: 10    Int:  7    God:
Gold:   105        SH:  0    Dex: 10    Spells: 4/4 levels left

rFire    . . .     SeeInvis .     - Unarmed
rCold    . . .     Faith    +   (no shield)
rNeg     . . .     Spirit   .   b - +0 robe
rPois    .         Reflect  .   (helmet restricted)
rElec    .         Harm     .   (no cloak)
rCorr    .         Rampage  .   (gloves unavailable)
Will     .....                  (boots unavailable)
Stlth    +.........             e - amulet of faith
HPRegen  1.16/turn              (no ring)
MPRegen  0.09/turn              (no ring)

@: lethally poisoned (-1 -> -36)
A: large, unfitting armour, claws 3, regeneration 1, shaggy fur 1, tough skin 1
a: no special abilities


You were on level 3 of the Dungeon.
You visited 1 branch of the dungeon, and saw 3 of its levels.

You collected 105 gold pieces.

Inventory:

Hand Weapons
 a - a +0 short sword
Missiles
 i - 15 poisoned darts (quivered)
 k - 2 throwing nets
Armour
 b - a +0 robe (worn)
Jewellery
 e - an amulet of faith (around neck)
 g - a ring of protection from cold
Scrolls
 c - 3 scrolls of identify {unknown}
 d - 2 scrolls of torment {unknown}
 f - 3 scrolls of noise {unknown}
 m - a scroll of enchant weapon {unknown}
Potions
 h - a potion of resistance {unknown}
 j - a potion of invisibility {unknown}


   Skills:
 + Level 1.8 Fighting
 + Level 5.2 Throwing
 + Level 2.1 Dodging
 + Level 0.5 Stealth
 + Level 1.1 Unarmed Combat


You had 4 spell levels left.
You didn't know any spells.
Your spell library was empty.

Dungeon Overview and Level Annotations

Branches:
Dungeon (3/15)

Altars:
Dithmenos
Gozag
Yredelemnul
Zin


Innate Abilities, Weirdness & Mutations

You are too large for most types of armour.
You have claws for hands.
Your natural rate of healing is unusually fast.
You are covered in fur. (AC +1)
You have tough skin. (AC +1)


Message History

A gnoll comes into view. It is wielding a +2 halberd of venom.
A gnoll comes into view. It is wielding a +0 spear.
Throw: 3 large rocks
Press: ? - help, Q - select action, (/) - cycle Shift-Dir - straight line, f/p - gnoll
Aim: a gnoll, wielding a +0 spear (heavily wounded, 61% to hit)
You throw a large rock. The large rock hits the gnoll!
You kill the gnoll!
A gnoll comes into view. It is wielding a +2 halberd of venom.
You have reached level 5!
Throw: 2 large rocks
Press: ? - help, Q - select action, (/) - cycle Shift-Dir - straight line, f - gnoll
Aim: a gnoll, wielding a +2 halberd of venom (61% to hit)
You throw a large rock.
The large rock completely misses the gnoll.
Throw: large rock
Press: ? - help, Q - select action, (/) - cycle Shift-Dir - straight line, f/p - gnoll
Aim: a gnoll, wielding a +2 halberd of venom (61% to hit)
You throw a large rock. The large rock barely misses the gnoll.
The gnoll barely misses you.
Throw: 16 darts (poison)
Press: ? - help, Q - select action, (/) - cycle Shift-Dir - straight line, f/p - gnoll
Aim: a gnoll, wielding a +2 halberd of venom (61% to hit)
You throw a poisoned dart. The poisoned dart hits the gnoll!
The gnoll is poisoned.
The gnoll barely misses you.
The gnoll hits you with a +2 halberd of venom.
You are poisoned.
The gnoll hits you with a +0 spear.
The gnoll hits you from afar with a +2 halberd of venom!
You are more poisoned.
You claw the gnoll!
The gnoll is almost dead.
You feel extremely sick.
The gnoll hits you with a +2 halberd of venom!
* * * LOW HITPOINT WARNING * * *
You are more poisoned.
The gnoll hits you with a +0 spear.
* * * LOW HITPOINT WARNING * * *
The gnoll hits you from afar with a +2 halberd of venom.
You die...

#########.# #
#....(((..
8###8#.$.gg# ######
......(.@g(##
#...>#
............####
#....#
........._.....#
.....#
..##8#.._8_).### .
#....# .
####.._...####..
#....# .
#............
#....# .. ##
##.##......##
#....#
...##8###.....#..##
#....#
........####.##..#


You could see 3 gnolls.

Vanquished Creatures
  A hound (D:3)
  4 gnolls (D:3)
  3 adders
  An orc (D:3)
  4 ball pythons
  5 endoplasms
  2 giant cockroaches (D:3)
  5 goblins
  7 hobgoblins
  5 quokkas
  4 bats
  A frilled lizard (D:1)
  3 kobolds
  5 rats
50 creatures vanquished.

Notes
Turn   | Place    | Note
-------+----------+-------------------------------------------
     0 | D:1      | spaced the Troll Hunter began the quest for the Orb.
     0 | D:1      | Reached XP level 1. HP: 19/19 MP: 0/0
   122 | D:1      | Reached skill level 4 in Throwing
   130 | D:1      | Reached XP level 2. HP: 27/27 MP: 1/1
   485 | D:1      | Found a faded altar of an unknown god.
   793 | D:2      | Reached XP level 3. HP: 35/35 MP: 2/2
  1234 | D:3      | Reached XP level 4. HP: 42/42 MP: 3/3
  1354 | D:3      | Reached skill level 5 in Throwing
  1354 | D:3      | Reached skill level 1 in Unarmed Combat
  1361 | D:3      | HP: 2/42 [gnoll (4)]
  1579 | D:3      | Found an opulent altar of Gozag.
  1581 | D:3      | Found a basalt altar of Yredelemnul.
  1584 | D:3      | Found a glowing silver altar of Zin.
  1584 | D:3      | Found a shadowy altar of Dithmenos.
  1595 | D:3      | Reached XP level 5. HP: 49/49 MP: 4/4
  1599 | D:3      | Slain by a gnoll

Illustrated notes

Levels and vault maps discovered:
D:1:      kennysheep_arrival_forest, layout_loops_cross,
          dreamdust_ecumenical_altar_hidden_monk_grotto, bh_walls_and_bars
D:2:      layout_rooms, minivault_23
D:3:      layout_rooms, chequers_temple_overflow_statue_of_worship,
          serial_corexii_hall, corexii_hall_statues_i, corexii_hall_statues_i,
          chequers_hall_statues_corner_a, corexii_hall_statues_u

Skill      XL: |  1  2  3  4 |
---------------+-------------+-----
Throwing       | 4 5 |  5.2
Dodging        | 2 |  2.1
Unarmed Combat | 1 |  1.1
Fighting       | |  1.8
Stealth        | |  0.5

Action                   |  1- 3 |  4- 6 || total
-------------------------+-------+-------++-------
Melee: Unarmed           |    68 |    26 ||    94
       Short sword       |     5 |       ||     5
Throw: Large rock        |    34 |    12 ||    46
       Throwing net      |     3 |       ||     3
       Dart              |     2 |    16 ||    18
Armor: Robe              |    27 |     3 ||    30
Dodge: Dodged            |    49 |    16 ||    65
